 Dungeon Crawl Stone Soup version 0.30-b1-2-g02819fbbbe (webtiles) character file.

Game seed: 8225927793425553762

9 erloom the Shield-Bearer (level 1, -1/18 HPs)
             Began as a Demigod Fighter on May 29, 2023.
             Slain by a gnoll
             ... wielding a +0 flail
              (3 damage)
             ... on level 1 of the Dungeon.
             The game lasted 00:00:52 (178 turns).

erloom the Shield-Bearer (Demigod Fighter)           Turns: 178, Time: 00:00:53

Health: -1/18      AC:  6    Str: 17    XL:     1   Next: 86%
Magic:  3/3        EV:  9    Int: 10    God:
Gold:   46         SH:  4    Dex: 13    Spells: 0/0 levels left

rFire   . . .        a - +0 long sword
rCold   . . .        c - +0 buckler
rNeg    . . .        b - +0 scale mail
rPois   .            (no helmet)
rElec   .            (no cloak)
rCorr   .            (no gloves)
SInv    .            (no boots)
Will    .....        (no amulet) Stlth
                     (no ring)
HPRegen 0.23/turn    (no ring)
MPRegen 0.08/turn

%: no passive effects
@: no status effects
A: high MP 1, forlorn, divine attributes
a: no special abilities


You were on level 1 of the Dungeon.
You visited 1 branch of the dungeon, and saw 1 of its levels.

You collected 46 gold pieces.

Inventory:

Hand Weapons
 a - a +0 long sword (weapon)
Armour
 b - a +0 scale mail (worn)
 c - a +0 buckler (worn)
Potions
 d - a potion of might
 e - a potion of lignification {unknown}
 f - a potion of haste {unknown}


   Skills:
 - Level 2.6 Fighting
 + Level 2.5 Long Blades
 - Level 2.6 Armour
 - Level 2.6 Shields


You couldn't memorise any spells.
You didn't know any spells.
Your spell library was empty.

Dungeon Overview and Level Annotations

Branches:
Dungeon (1/15)


Innate Abilities, Weirdness & Mutations

You have an increased reservoir of magic. (+10% MP)
You shall have no god before yourself.
Your divine heritage dramatically boosts your attributes as you level up.


Message History

The rat is heavily wounded.
The rat barely misses you.
You barely miss the rat.
The rat is heavily wounded.
You block the rat's attack. The rat bites you but does no damage.
You closely miss the rat.
The rat is heavily wounded.
The rat closely misses you.
You hit the rat.
You kill the rat!
You see here a rat corpse.
Found a chain mail.
A rat comes into view.
You see here a +0 chain mail.
A gnoll comes into view. It is wielding a +0 flail.
The gnoll shouts!
The rat barely misses you.
A kobold comes into view. It is wielding a +0 dagger.
The kobold shouts!
You slash the rat!
You kill the rat!
The gnoll closely misses you. The gnoll attacks as you move away!
The gnoll hits you with a +0 flail!
Ouch! That really hurt!
You hit the gnoll.
The gnoll is moderately wounded.
The gnoll hits you with a +0 flail.
You hit the gnoll.
The gnoll is severely wounded.
The gnoll hits you with a +0 flail!
* * * LOW HITPOINT WARNING * * *
You hit the gnoll.
The gnoll is severely wounded.
The gnoll barely misses you. The gnoll hits you but does no damage.
You hit the gnoll but do no damage.
The gnoll is severely wounded.
You block the gnoll's attack.
You see here a +0 chain mail.
The gnoll attacks as you move away! The gnoll hits you with a +0 flail.
You die...

#.# #.# #.# #.# ######.#
#.# ......)# #.#
.############.#
...##.......#.#
##.##.......#.# #########
#.##.......#.#####.......#
##.#....[...#...@gK.#
............#########
................
#...........####
####...........#
#.........#.#
#.#####.....# #.# ###.###
#.#######.###


You could see a gnoll and a kobold.

Vanquished Creatures
  A dart slug (D:1)
  An endoplasm (D:1)
  A hobgoblin (D:1)
  A quokka (D:1)
  A ball python (D:1)
  2 rats (D:1)
7 creatures vanquished.

Notes
Turn   | Place    | Note
-------+----------+-------------------------------------------
     0 | D:1      | erloom the Demigod Fighter began the quest for the Orb.
     0 | D:1      | Reached XP level 1. HP: 18/18 MP: 3/3
   178 | D:1      | Slain by a gnoll

Illustrated notes

Levels and vault maps discovered:
D:1:      zelgadis_glass_arrival_small, layout_basic, lexackson_kobold_supper

Skill      XL: |  1 |
---------------+----+-----
Long Blades    | 2 |  2.5
Fighting       | |  2.6
Armour         | |  2.6
Shields        | |  2.6

Action                     || total
---------------------------++-------
  Melee: Long sword        ||    23
 Armour: Scale mail        ||     6
  Dodge: Dodged            ||    11
  Block: Buckler           ||     4
